Map: Orbital Shipyard

Players

LilDicky - Winner!

  • Race: Terran Terran
  • League: Diamond

Wiplash

  • Race: Zerg Zerg
  • League: Platinum

VOD

http://www.twitch.tv/tumescentpie

Description

Time

  • Played on: Jan. 2, 2016, 11:35 a.m.
  • Length: 6:45
Show
View Real Time Build Order
Export as new Build Order

LilDicky Terran - Winner!

Build Orders: Command Center First (CC), MMM Bio 

Get SALT Encoding   

  12  0:01  SCV  
  13  0:13  SCV  
  14  0:25  SCV  
  15  0:29  Supply Depot  
  15  0:51  SCV  
  16  1:00  Command Center  
  16  1:07  Barracks  
  16  1:11  SCV  
  17  1:23  SCV  
  18  1:30  Refinery  
  18  1:35  SCV  
  19  1:47  SCV  
  20  1:56  Supply Depot  
  20  1:59  Orbital Command  
  20  2:04  Marine  
  21  2:12  Orbital Command  
  21  2:23  Barracks, Marine  
  21  2:24  Barracks  
  21  2:28  SCV  
  23  2:40  SCV  
  23  2:41  Barracks Tech Lab  
  23  2:43  SCV  
  25  2:52  SCV  
  25  2:55  SCV  
  27  3:05  SCV  
  28  3:07  SCV  
  28  3:13  Barracks, Marine  
  28  3:15  Stimpack, Marine  
  28  3:16  Barracks Reactor, Barracks  
  28  3:17  SCV  
  31  3:22  SCV  
  31  3:23  Refinery  
  32  3:29  SCV  
  32  3:30  Marine  
  32  3:33  Marine  
  35  3:34  SCV  
  36  3:46  SCV  
  36  3:47  Barracks  
  37  3:48  Barracks  
  37  3:51  Barracks Tech Lab, Marine  
  37  3:52  Marine  
  37  3:54  Marine  
  37  3:55  SCV  
  41  4:01  SCV  
  43  4:06  Barracks Reactor  
  43  4:10  Combat Shields  
  43  4:11  Marine x3  
  43  4:13  Marine  
  43  4:14  Barracks Reactor  
  46  4:19  Supply Depot  
  46  4:20  Supply Depot  
  46  4:35  SCV x2, Marine x4  
  53  4:42  Barracks Reactor  
  53  4:43  Barracks Reactor, Marine x2  
  54  4:45  Supply Depot  
  54  4:47  SCV  
  54  4:48  SCV  
  54  4:49  Factory  
  54  4:52  Marine  
  57  4:53  Marine x2  
  57  4:56  Marauder  
  57  4:59  Marauder  
  63  5:02  Marine x2  
  63  5:03  Marine  
  63  5:04  SCV  
  67  5:08  Supply Depot  
  67  5:11  Supply Depot, Marine  
  67  5:13  Marine  
  69  5:14  Marine  
  69  5:17  Marine  
  69  5:20  Marine x2  
  73  5:33  Marine x2  
  73  5:34  Marine, Marauder  
  73  5:35  Marine  
  80  5:39  Starport  
  80  5:41  Widow Mine  
  80  5:43  Marine x2  
  80  5:47  Supply Depot  
  80  5:48  Supply Depot, SCV  
  83  5:50  SCV  
  83  5:53  Marauder  
  83  5:54  Marine  
  83  5:55  Marine  
  88  5:57  Marine  
  88  5:58  Marine  
  88  5:59  Marine  
  88  6:00  Marine  
  92  6:11  Marine x2  
Show
View Real Time Build Order
Export as new Build Order

Wiplash Zerg 

Build Orders: Hatch First, Roach Nydus 

Get SALT Encoding   

  12  0:01  Drone  
  13  0:12  Overlord  
  13  0:19  Drone  
  13  0:20  Extractor  
  14  0:24  Extractor  
  14  0:25  Drone  
  15  0:31  Drone  
  15  0:35  Drone  
  17  0:45  Drone  
  18  1:01  Hatchery, Drone  
  18  1:12  Drone  
  18  1:18  Spawning Pool  
  18  1:22  Overlord  
  18  1:28  Drone  
  19  1:35  Extractor x2  
  18  1:40  Drone  
  18  1:51  Drone  
  19  2:03  Drone  
  19  2:04  Queen  
  22  2:12  Queen, Zergling x2  
  22  2:14  Drone  
  26  2:23  Drone  
  26  2:28  Metabolic Boost  
  27  2:33  Drone x2  
  29  2:40  Drone  
  30  2:47  Drone  
  31  2:54  Lair  
  31  2:57  Drone  
  31  2:58  Overlord  
  32  3:10  Zergling x2  
  33  3:19  Drone x4  
  37  3:32  Drone  
  38  3:46  Pneumatized Carapace  
  38  3:55  Drone x4  
  41  3:56  Drone x2  
  41  3:57  Overlord x2  
  41  3:58  Roach Warren  
  43  4:13  Nydus Network  
  43  4:14  Overlord x2  
  43  4:15  Evolution Chamber  
  40  4:38  Glial Reconstitution  
  40  4:40  Roach x7  
  54  4:52  Drone x3  
  57  4:57  Extractor  
  56  5:10  Roach x2  
  56  5:11  Zergling x2  
  56  5:12  Overlord x2  
  61  5:22  Roach x2  
  61  5:28  Drone  
  66  5:29  Roach  
  66  5:34  Roach x3  
  66  5:35  Zergling x6  
  76  5:45  Roach  
  76  5:47  Roach  
  82  5:57  Roach  
  82  5:58  Roach x2  
  82  6:01  Roach  
  82  6:03  Overlord, Zergling x4  
  82  6:04  Overlord  
  90  6:17  Nydus Canal  
Tags
 
Add a new tag
Caveats
  • Supply blocks, unpowered buildings, or Contaminate may cause inaccurate times.
  • Supply counts are checked every 10 seconds.